 Dungeon Crawl Stone Soup version 0.31-a0-836-g3ceb0a68c4 (webtiles) character file.

Game seed: 10776663881495591518

709 Kurtz the Chopper (level 7, -7/49 HPs)
             Began as an Octopode Fighter on Sept 27, 2023.
             Was an Initiate of Gozag.
             Mangled by an orc warrior
             ... wielding a +0 mace
              (14 damage)
             ... on level 6 of the Dungeon.
             The game lasted 00:03:23 (4160 turns).

Kurtz the Chopper (Octopode Fighter)                Turns: 4160, Time: 00:03:25

Health: -7/49      AC:  1    Str: 17    XL:     7   Next: 68%
Magic:  7/7        EV: 13    Int: 10    God:    Gozag
Gold:   178        SH:  4    Dex: 12    Spells: 6/6 levels left

rFire   . . .        n - +9 short sword of Ceti {speed, rN+}
rCold   . . .        b - +0 buckler
rNeg    + . .        (helmet restricted)
rPois   .            (no amulet)
rElec   .            (no ring)
rCorr   .            (no ring)
SInv    .            (no ring)
Will    +....        (no ring)
Stlth   ++           (no ring)
HPRegen 0.28/turn    (no ring)
MPRegen 0.10/turn    (no ring)
                     (no ring)

%: no passive effects
@: mighty, enlightened, flying, hasted, very quick
A: almost no armour, amphibious, 8 rings, camouflage 1, gelatinous body 1,
(nimble swimmer 1), tentacles
a: Renounce Religion, Potion Petition, Call Merchant, Bribe Branch


You were on level 6 of the Dungeon.
You worshipped Gozag.
Gozag was aware of your devotion.
You visited 1 branch of the dungeon, and saw 6 of its levels.

You collected 508 gold pieces.
You paid 330 gold pieces to Gozag.

Inventory:

Hand Weapons
 a - a +0 war axe
 n - the +9 short sword of Ceti (weapon) {speed, rN+}
   (You found it on level 3 of the Dungeon)

   rN+:       It protects you from negative energy.
Armour
 b - a +0 buckler (worn)
Jewellery
 k - a ring of fire
Scrolls
 d - a scroll of fear {unknown}
 e - 7 scrolls of identify {unknown}
 f - a scroll of noise {unknown}
 l - a scroll of torment {unknown}
 m - 3 scrolls of silence {unknown}
 q - a scroll of amnesia {unknown}
Potions
 g - a potion of lignification {unknown}
 h - 2 potions of magic {unknown}
 i - a potion of heal wounds {unknown}
 j - 2 potions of curing {unknown}
 o - a potion of haste {unknown}
 p - a potion of mutation {unknown}


   Skills:
 + Level 4.6 Fighting
 * Level 7.6 Axes
 - Level 3.0 Dodging
 - Level 3.0 Shields


You had 6 spell levels left.
You didn't know any spells.
Your spell library contained the following spells:

 Spells                   Type           Power      Damage    Failure   Level
 Slow                     Hex            0%         N/A       43%         1
 Confusing Touch          Hex            0%         N/A       82%         3
 Sigil of Binding         Hex            0%         N/A       82%         3
 Vampiric Draining        Necr           0%         2d6       82%         3


Dungeon Overview and Level Annotations

Branches:
Dungeon (6/15)
 Temple: D:4-7

Altars:
Dithmenos
Gozag

Annotations:
D:5 1 runed translucent door, Kurtz's ghost, novice OpFi


Innate Abilities, Weirdness & Mutations

You cannot wear most types of armour.
You are amphibious.
You can wear up to eight rings at the same time.
Your skin changes colour to match your surroundings (Stealth+).
Your rubbery body absorbs attacks. (AC +1, EV +1)
((You are camouflaged when in or above water. (Stealth+)))
You have tentacles for arms and can constrict up to eight enemies at once.


Message History

The orc priest casts a cantrip, but nothing happens.
The orc warrior barely misses you.
Unknown command.
You hit the orc warrior but do no damage.
Your squeeze misses the orc warrior.
The orc warrior is heavily wounded.
You constrict the orc warrior, but do no damage.
The orc warrior hits you with a +0 mace.
Unknown command.
You feel very mighty all of a sudden.
You constrict the orc warrior.
The orc priest invokes the aid of Beogh against you.
Beogh smites you!
* * * LOW HITPOINT WARNING * * *
The orc warrior barely misses you.
The orc priest begins to cast a cantrip, but forgets the words!
Unknown command. [a] - 648 gold - heal wounds, magic, haste and brilliance [b] - 330 gold - haste and enlightenment [c] - 406 gold - resistance and might Purchase which effect?
You don't have enough gold for that! [a] - 648 gold - heal wounds, magic, haste and brilliance [b] - 330 gold - haste and enlightenment [c] - 406 gold - resistance and might Purchase which effect?
You don't have enough gold for that! [a] - 648 gold - heal wounds, magic, haste and brilliance [b] - 330 gold - haste and enlightenment [c] - 406 gold - resistance and might Purchase which effect?
You no longer have enough gold to petition Gozag for potion effects.
You feel yourself speed up.
You feel very buoyant.
You fly up into the air.
You constrict the orc warrior, but do no damage.
The orc priest casts a cantrip, but nothing happens.
The orc warrior hits you with a +0 mace!
You die...
Your body crumbles into a pile of gold.

#. #.# #.# #.# #.#
#########.##
#..........####.#
#..........@ooY.#
#.......<..##o......
#..........# .......
#........[.# .......
#..........# .......
#..........# .......
#........<.# ....o..
############ .......


You could see an orc warrior, an ice beast and 2 orc priests.

Vanquished Creatures
  Duvessa (D:5)
  A water moccasin (D:6)
  A phantom (D:4)
  A gnoll sergeant (D:5)
  Dowan (D:5)
  A hound (D:5)
  2 sleepcaps (D:5)
  2 iguanas
  5 gnolls
  4 adders
  An ufetubus (D:5)
  3 worms
  A dart slug (D:4)
  An orc (D:5)
  8 endoplasms
  2 giant cockroaches (D:4)
  8 hobgoblins
  8 jackals
  8 kobolds
  4 quokkas
  4 ball pythons
  7 bats
  4 frilled lizards
  5 goblins
  2 rats (D:2)
85 creatures vanquished.

Notes
Turn   | Place    | Note
-------+----------+-------------------------------------------
     0 | D:1      | Kurtz the Octopode Fighter began the quest for the Orb.
     0 | D:1      | Reached XP level 1. HP: 16/16 MP: 1/1
   172 | D:1      | Reached XP level 2. HP: 20/21 MP: 2/2
   750 | D:1      | Reached XP level 3. HP: 14/26 MP: 3/3
   886 | D:2      | Reached skill level 3 in Axes
  1515 | D:3      | Reached XP level 4. HP: 32/32 MP: 4/4
  1677 | D:3      | Identified the +9 short sword of Ceti {speed, rN+}
  1862 | D:3      | Found a faded altar of an unknown god.
  1936 | D:3      | Found a shadowy altar of Dithmenos.
  1946 | D:3      | Reached skill level 4 in Axes
  2257 | D:3      | Prayed at the altar of an unknown god.
  2257 | D:3      | Became a worshipper of Gozag Ym Sagoz the Greedy
  2569 | D:4      | Noticed a phantom
  2580 | D:4      | Killed a phantom
  2581 | D:4      | Reached XP level 5. HP: 25/37 MP: 5/5
  2672 | D:4      | Reached skill level 5 in Axes
  3097 | D:5      | Entered Level 5 of the Dungeon
  3137 | D:6      | Noticed a water moccasin
  3141 | D:6      | Reached XP level 6. HP: 18/43 MP: 6/6
  3243 | D:6      | Killed a water moccasin
  3244 | D:6      | Reached skill level 6 in Axes
  3464 | D:5      | Reached XP level 7. HP: 42/48 MP: 7/7
  3711 | D:5      | Noticed Dowan
  3717 | D:5      | Noticed Duvessa
  3817 | D:5      | Killed Duvessa
  3818 | D:5      | Reached skill level 7 in Axes
  3820 | D:5      | Killed Dowan
  3906 | D:5      | Found a runed translucent door.
  3907 | D:5      | Noticed Kurtz's ghost (novice OpFi)
  4160 | D:6      | Mangled by an orc warrior

Illustrated notes

Levels and vault maps discovered:
D:1:      shiori_shiawase, layout_basic, st_stairs_10
D:2:      layout_loops_cross, minmay_tetromino_o2
D:3:      layout_loops_cross, nicolae_dithmenos_through_a_glass_darkly,
          basic_ecumenical_altar
D:4:      layout_basic
D:5:      dreamdust_elfheim, layout_cave_pools, gammafunk_ghost_grave
D:6:      layout_basic, vehumet_crystals

Skill      XL: |  1  2  3  4  5  6  7 |
---------------+----------------------+-----
Axes           | 3 4 5 6 7 |  7.6
Fighting       | 4 |  4.6
Dodging        | |  3.0
Shields        | |  3.0

Action                     |  1- 3 |  4- 6 |  7- 9 || total
---------------------------+-------+-------+-------++-------
  Melee: War axe           |    59 |    16 |       ||    75
         Constrict         |    16 |    14 |     5 ||    35
         Tentacles         |    11 |    14 |     5 ||    30
         Short sword       |       |    79 |    26 ||   105
         Punch             |       |       |     1 ||     1
 Invoke: Potion Petition   |       |       |     1 ||     1
  Evoke: Wand              |       |     1 |     7 ||     8
    Use: Potion            |       |       |     1 ||     1
   Stab: Sleeping          |     6 |     4 |       ||    10
         Distracted        |       |     1 |       ||     1
 Armour: Skin              |    23 |    31 |    11 ||    65
  Dodge: Dodged            |    36 |    45 |     8 ||    89
  Block: Buckler           |    14 |    12 |     6 ||    32

Table legend: (Time is in decaauts)
 A = Elapsed time spent in this place.
 B = Non-inter-level travel time spent in this place.
 C = Inter-level travel time spent in this place.
 D = Time resting spent in this place.
 E = Time spent auto-exploring this place.
 F = Levels seen in this place.
 G = Mean time per level.
                   A        B        C        D        E       F      G
               +--------+--------+--------+--------+--------+-----+--------+
         Total |   4157 |   3812 |    345 |    317 |   2885 |   6 |  692.8 |
       Dungeon |   4157 |   3812 |    345 |    317 |   2885 |   6 |  692.8 |
               +--------+--------+--------+--------+--------+-----+--------+

Top non-repeatable levels by time:
     D:3: 881 daAuts
     D:1: 869 daAuts
     D:4: 800 daAuts
     D:5: 776 daAuts
     D:2: 617 daAuts
     D:6: 211 daAuts
